 Dungeon Crawl Stone Soup version 0.29.1-15-g9cfb28693d (webtiles) character file.

Game seed: 15204922880745446951

50191 ChiefBigBeans the Geomancer (level 14, 0/81 HPs)
             Began as a Gargoyle Earth Elementalist on Feb 26, 2023.
             Was a High Priest of Hepliaklqana.
             Slain by a four-headed hydra (12 damage)
             ... on level 4 of the Lair of Beasts.
             The game lasted 01:05:14 (25465 turns).

ChiefBigBeans the Geomancer (GrEE)                 Turns: 25465, Time: 01:05:14

Health: 0/81       AC: 34    Str: 27    XL:     14   Next: 54%
Magic:  11/27      EV: 11    Int: 22    God:    Hepliaklqana [*****.]
Gold:   1148       SH:  5    Dex: 17    Spells: 20/32 levels left

rFire   . . .      SeeInvis +   C - +9 spear of Melee {protect, *Noise Int+4 SInv}
rCold   x . .      Faith    .   (no shield)
rNeg    + . .      Spirit   .   o - +1 scale mail of the Slorg {rC- Str+5}
rPois   ∞          Reflect  +   (helmet restricted)
rElec   +          Harm     .   c - +0 cloak
rCorr   .          Rampage  .   f - +1 pair of gloves {Stlth+}
Will    +....                   h - +2 pair of boots
Stlth   ++........              y - amulet of reflection
HPRegen 0.23/turn               l - +6 ring of dexterity
MPRegen 0.20/turn               x - +6 ring of strength

@: under a protective aura, flying
A: reduced essence, sickness immunity, AC +10, big wings, negative energy
resistance 1, electricity resistance, torment resistance 1, petrification
resistance, horns 1, strong 1
a: Renounce Religion, Recall Ancestor, Ancestor Identity, Transference, Idealise


You were on level 4 of the Lair of Beasts.
You worshipped Hepliaklqana.
Hepliaklqana was extremely pleased with you.
You visited 3 branches of the dungeon, and saw 19 of its levels.
You also visited: Sewer, Ossuary and Volcano.

You collected 1366 gold pieces.
You spent 218 gold pieces at shops.

Inventory:

Hand Weapons
 j - the +6 mace of the Hidden Realms {vorpal, rF+ Str-3 Int+3}
   (You found it on level 1 of the Lair of Beasts)

   It inflicts extra damage upon your enemies.
   Str:       It affects your strength (-3).
   Int:       It affects your intelligence (+3).
   rF:        It protects you from fire.
 C - the +9 spear of Melee (weapon) {protect, *Noise Int+4 SInv}
   (You found it on level 7 of the Dungeon)

   It grants its wielder temporary protection when it strikes (+7 to AC).
   Int:       It affects your intelligence (+4).
   SInv:      It lets you see invisible.
   *Noise:    It may make noises in combat.
Armour
 c - a +0 cloak (worn)
 f - a +1 pair of gloves of stealth (worn)
 h - a +2 pair of boots (worn)
 o - the +1 scale mail of the Slorg (worn) {rC- Str+5}
   (You found it on level 3 of the Dungeon)

   Str:       It affects your strength (+5).
   rC:        It makes you vulnerable to cold.
Jewellery
 a - a ring of see invisible
 l - a +6 ring of dexterity (left hand)
 q - a ring of flight
 x - a +6 ring of strength (right hand)
 y - an amulet of reflection (around neck)
Wands
 d - a wand of charming (4)
 e - a wand of digging (3)
 s - a wand of iceblast (11)
 D - a wand of polymorph (8)
 F - a wand of quicksilver (12)
 I - a wand of flame (12)
Scrolls
 k - 14 scrolls of identify
 n - a scroll of butterflies {unknown}
 r - 3 scrolls of enchant weapon
 E - 7 scrolls of teleportation
Potions
 b - 3 potions of magic
 g - 2 potions of berserk rage
 i - 8 potions of haste
 p - 3 potions of flight
 t - a potion of invisibility
 u - 6 potions of might
 v - 3 potions of curing
 z - a potion of resistance {unknown}
 B - 2 potions of brilliance
Miscellaneous
 G - a condenser vane


   Skills:
 + Level 11.1 Fighting
 - Level 5.1 Short Blades
 + Level 8.6 Polearms
 - Level 0.7(5.9) Staves
 + Level 10.0 Armour
 - Level 1.6 Dodging
 - Level 2.2 Stealth
 + Level 9.9 Spellcasting
 + Level 11.7 Conjurations
 - Level 0.8 Transmutations
 + Level 13.0 Earth Magic


You had 20 spell levels left.
You knew the following spells:

 Your Spells              Type           Power      Damage    Failure   Level
a - Stone Arrow           Conj/Erth      100%       3d13      1%          3
b - Sandblast             Erth           100%       2d20      1%          1
c - Searing Ray           Conj           100%       2d8       1%          2
d - Passwall              Tmut/Erth      34%        N/A       1%          2
e - Fulminant Prism       Conj/Hex       18%        3d11      11%         4

Your spell library contained the following spells:

 Spells                   Type           Power      Damage    Failure   Level
 Magic Dart               Conj           100%       1d8       1%          1
 Static Discharge         Conj/Air       36%        3-8/arc   1%          2
 Mephitic Cloud           Conj/Pois/Air  28%        N/A       7%          3
 Petrify                  Tmut/Erth      41%        N/A       7%          4
 Sticky Flame             Conj/Fire      36%        2d6       11%         4
 Necrotise                Necr           40%        1d6       12%         1
 Summon Small Mammal      Summ           40%        N/A       12%         1
 Blink                    Tloc           20%        N/A       19%         2
 Call Imp                 Summ           10%        N/A       19%         2
 Vampiric Draining        Necr           10%        2d6       34%         3
 Corpse Rot               Necr/Pois/Air  10%        N/A       75%         4
 Dispel Undead            Necr           10%        3d9       75%         4
 Summon Ice Beast         Ice/Summ       10%        N/A       75%         4
 Starburst                Conj/Fire      18%        6d7       85%         6
 Agony                    Necr           10%        N/A       97%         5
 Manifold Assault         Tloc           10%        N/A       97%         5
 Haunt                    Necr/Summ      5%         N/A       100%        7
 Malign Gateway           Summ/Tloc      5%         N/A       100%        7
 Storm Form               Tmut/Air       6%         N/A       100%        7


Dungeon Overview and Level Annotations

Branches:
Dungeon (14/15)            Temple (1/1) D:4            Lair (4/5) D:11
  Swamp (0/4) Lair:2       Spider (0/4) Lair:3          Orc (0/2) D:11
 Vaults (0/5) D:13          Sewer (visited)         Ossuary (visited)
Volcano (visited)
  Slime: Lair:4-5

Altars:
Ashenzari
Cheibriados
Dithmenos
Elyvilon
Fedhas
Gozag
Hepliaklqana
Kikubaaqudgha
Makhleb
Nemelex Xobeh
Okawaru
Qazlal
Ru
Sif Muna
Trog
Uskayaw
Vehumet
Wu Jian
Xom
Yredelemnul
Zin
The Shining One

Shops:
D:5 (   D:11 ?

Annotations:
D:9 exclusion: statue


Innate Abilities, Weirdness & Mutations

Your life essence is reduced to manifest your ancestor. (-10% HP)
You are immune to sickness and miasma.
Your stone body is resilient. (AC +10)
You are immune to poison.
Your large and strong wings let you fly.
You resist negative energy. (rN+)
You are resistant to electric shocks. (rElec)
You are resistant to unholy torment.
You are immune to petrification.
You have a pair of small horns on your head.
Your muscles are strong. (Str +4, Int/Dex -1)


Message History

You headbutt the boulder beetle, but do no damage.
The boulder beetle is almost dead.
You hit the boulder beetle.
The boulder beetle is almost dead.
The boulder beetle leaps!
The four-headed hydra bites you but does no damage.
You block the four-headed hydra's attack.
The four-headed hydra closely misses you.
The four-headed hydra bites you but does no damage.
You puncture the four-headed hydra!
The four-headed hydra is moderately wounded.
The four-headed hydra bites you but does no damage.
The four-headed hydra closely misses you.
The four-headed hydra bites you but does no damage. x2
You puncture the four-headed hydra!
The four-headed hydra is moderately wounded.
You hit the four-headed hydra.
You punch the four-headed hydra, but do no damage.
The four-headed hydra is moderately wounded.
The four-headed hydra bites you but does no damage.
You block the four-headed hydra's attack.
The four-headed hydra bites you but does no damage.
The four-headed hydra barely misses you.
The boulder beetle bites you but does no damage.
You barely miss the boulder beetle.
You headbutt the boulder beetle, but do no damage.
The boulder beetle is almost dead.
The four-headed hydra bites you.
* * * LOW HITPOINT WARNING * * *
The four-headed hydra bites you but does no damage. x2
The four-headed hydra completely misses you.
The boulder beetle closely misses you.
You puncture the boulder beetle! You headbutt the boulder beetle.
The boulder beetle is almost dead.
You hit the boulder beetle but do no damage.
You headbutt the boulder beetle, but do no damage.
The boulder beetle is almost dead.
The four-headed hydra bites you but does no damage. x2
The four-headed hydra bites you!
You die...

..........#...............P..#
..........................P..####
##..... ...[...........#P....#.#
. ..... ........###...##.P......
....... ..............#.##......
....... ...............# ##...#.
....##. .....#..R.......###....#
...#. .P$.....#.#○###.##....##
......B@D###... #P..## .P.....###
#...###...## #...... #..D...R°.#
.###P.. ##B.○.B### ##.. #.°....#
... ##....## ##.. #.....# ...
###..... ##.....


You could see the friendly Kendrana the knight, a boulder beetle and a
four-headed hydra (ally target).

Vanquished Creatures
  Jorgrun (D:12)
  Nessos (Lair:4)
  2 boulder beetles
  2 hydras
  6 centaur warriors
  An ogre mage (D:13)
  A dancing weapon (Lair:1)
  7 two-headed ogres
  Sonja (Lair:1)
  A lindwurm (Lair:3)
  2 ugly things
  A deep elf pyromancer (D:13)
  2 manticores
  A black mamba (Lair:4)
  An oklob plant (D:11)
  8 elephants (Lair:3)
  3 centaur zombies (D:10)
  Joseph (D:7)
  4 cane toads
  2 gargoyles
  A kobold demonologist (D:12)
  An unseen horror (D:12)
  2 rime drakes
  2 komodo dragons
  An unseen horror zombie (D:10)
  2 trolls
  5 hornets (Lair:3)
  4 blink frogs (Lair:3)
  4 slime creatures (D:12)
  2 wraiths (D:10)
  2 shadows
  27 yaks
  A vampire (D:12)
  4 wyverns
  A basilisk (Lair:1)
  2 water elementals
  9 vampire mosquitoes
  2 steam dragons
  2 acid dragons
  6 water moccasins
  7 orc warriors
  3 sky beasts
  An ice beast (D:7)
  5 ogres
  8 black bears
  9 wolves
  15 centaurs
  A kobold brigand (D:7)
  A phantom (D:6)
  8 bullfrogs
  5 necrophages
  A gnoll sergeant (D:8)
  4 scorpions
  11 wights
  3 jellies
  10 killer bees
  4 howler monkeys
  6 electric eels
  5 lava snakes (Lair:2)
  A human zombie (D:10)
  3 hounds
  7 orc priests
  A gnoll bouda (D:5)
  7 iguanas
  10 orc wizards
  Terence (D:2)
  4 mummies
  12 gnolls
  5 adders
  A shadow imp (D:7)
  A white imp (D:8)
  3 ufetubi
  4 adder zombies (Ossuary)
  A worm (D:2)
  5 dart slugs
  40 orcs
  4 ball pythons
  7 endoplasms
  7 giant cockroaches
  A gnoll zombie (Ossuary)
  4 goblins
  10 hobgoblins
  5 kobolds
  5 quokkas
  5 bats
  4 frilled lizards
  A goblin zombie (Ossuary)
  3 hobgoblin zombies (Ossuary)
  A kobold zombie (Ossuary)
  An orc zombie (Ossuary)
  A quokka zombie (Ossuary)
  4 rats
  5 rat zombies (Ossuary)
409 creatures vanquished.

Vanquished Creatures (collateral kills)
  The ghost of growler the Grappler, a journeyman DrTm of Wu Jian (Lair:1)
  2 two-headed ogres
  A cyclops (D:12)
  A centaur zombie (D:10)
  2 elephants (Lair:3)
  A cane toad (Lair:4)
  Psyche (D:12)
  2 trolls
  A hornet (Lair:3)
  A blink frog (Lair:3)
  A wraith (D:11)
  6 yaks
  2 steam dragons (D:10)
  A redback (Lair:3)
  2 vampire mosquitoes
  An acid dragon (D:8)
  An orc warrior (D:7)
  A sky beast (D:10)
  A wolf (Lair:2)
  3 centaurs
  A bullfrog (D:7)
  A scorpion (D:7)
  A wight (D:8)
  A killer bee (D:7)
  2 electric eels
  A lava snake (Lair:2)
  An orc priest (D:7)
  A hound (D:7)
  An iguana (D:7)
  An orc wizard (D:11)
  A shadow imp (D:7)
  An adder zombie (Ossuary)
  3 orcs
48 creatures vanquished.

Vanquished Creatures (others)
  A sky beast (D:10)
  5 knights
  2 ancestors (D:7)
  11 fungi
  27 plants
46 creatures vanquished.

Grand Total: 503 creatures vanquished

Notes
Turn   | Place    | Note
-------+----------+-------------------------------------------
     0 | D:1      | ChiefBigBeans the Gargoyle Earth Elementalist began the
                  | quest for the Orb.
     0 | D:1      | Reached XP level 1. HP: 10/10 MP: 3/3
   208 | D:1      | Reached XP level 2. HP: 16/16 MP: 3/5
   403 | D:1      | Reached skill level 4 in Earth Magic
   462 | D:1      | Reached skill level 1 in Fighting
   462 | D:1      | Reached XP level 3. HP: 13/20 MP: 6/6
   799 | D:1      | Found a faded altar of an unknown god.
  1226 | D:2      | Noticed Terence
  1246 | D:2      | Killed Terence
  1247 | D:2      | Reached skill level 1 in Short Blades
  1247 | D:2      | Reached XP level 4. HP: 6/25 MP: 2/7
  1509 | D:2      | Learned a level 3 spell: Stone Arrow
  1511 | D:2      | Learned a level 1 spell: Sandblast
  2363 | D:3      | Identified the +1 scale mail of the Slorg {rC- Str+5}
  3032 | D:3      | Found a sparkling altar of Nemelex Xobeh.
  3210 | D:4      | Reached XP level 5. HP: 30/30 MP: 7/9
  3213 | D:4      | Reached skill level 1 in Conjurations
  3719 | D:4      | Reached XP level 6. HP: 12/36 MP: 8/10
  3939 | D:4      | Found an iron altar of Okawaru.
  4060 | D:4      | Found a staircase to the Ecumenical Temple.
  4485 | Temple   | Entered the Ecumenical Temple
  4645 | Temple   | Became a worshipper of Hepliaklqana the Forgotten
  4684 | D:5      | Entered Level 5 of the Dungeon
  4705 | D:5      | Reached skill level 5 in Earth Magic
  4963 | D:5      | Reached XP level 7. HP: 39/41 MP: 8/12
  5277 | D:5      | Found a glowing drain.
  5287 | Sewer    | Entered a sewer
  5659 | D:5      | Reached XP level 8. HP: 48/48 MP: 0/13
  5888 | D:5      | Found Ukhenk's Weapon Shoppe.
  5918 | D:5      | Bought a +2 short sword of venom for 218 gold pieces
  5930 | D:5      | Reached skill level 5 in Conjurations
  5930 | D:5      | Reached skill level 6 in Earth Magic
  6544 | D:6      | Found a shadowy altar of Dithmenos.
  6762 | D:6      | Reached * piety under Hepliaklqana
  6999 | D:6      | Reached skill level 5 in Fighting
  7129 | D:6      | Reached XP level 9. HP: 48/48 MP: 12/16
  7235 | D:6      | Reached skill level 5 in Spellcasting
  7235 | D:6      | Reached skill level 7 in Earth Magic
  8126 | D:7      | Noticed Joseph
  8139 | D:7      | Killed Joseph
  8294 | D:7      | Reached skill level 5 in Short Blades
  8309 | D:7      | Reached skill level 8 in Earth Magic
  8313 | D:7      | Identified the +9 spear of Melee {protect, *Noise Int+4
                  | SInv}
  8505 | D:7      | Reached XP level 10. HP: 54/54 MP: 18/18
  8521 | D:7      | Reached skill level 1 in Polearms
  8724 | D:7      | Found a sand-covered staircase.
  8743 | Ossuary  | Entered an ossuary
  9605 | D:7      | Reached ** piety under Hepliaklqana
  9607 | D:7      | Remembered your ancestor Kendrana as a knight
 10341 | D:7      | Found an opulent altar of Gozag.
 10348 | D:7      | Found a sacrificial altar of Ru.
 10348 | D:7      | Found a burning altar of Makhleb.
 10658 | D:8      | Gained mutation: You have a pair of small horns on your
                  | head. [potion of mutation]
 10658 | D:8      | Gained mutation: Your muscles are strong. (Str +4, Int/Dex
                  | -1) [potion of mutation]
 11108 | D:8      | Reached skill level 9 in Earth Magic
 11544 | D:8      | Reached XP level 11. HP: 29/60 MP: 21/21
 12135 | D:8      | Reached skill level 5 in Polearms
 12767 | D:9      | Noticed a two-headed ogre
 12773 | D:9      | Killed a two-headed ogre
 12777 | D:9      | Learned a level 2 spell: Searing Ray
 12780 | D:9      | Learned a level 2 spell: Passwall
 12850 | D:9      | Noticed a two-headed ogre
 12856 | D:9      | Killed a two-headed ogre
 12857 | D:9      | Reached skill level 1 in Armour
 13158 | D:9      | Noticed a two-headed ogre
 13158 | D:9      | Noticed a centaur warrior
 13167 | D:9      | Killed a centaur warrior
 13170 | D:9      | Killed a two-headed ogre
 13171 | D:9      | Reached skill level 10 in Earth Magic
 13483 | D:9      | Noticed a two-headed ogre
 13488 | D:9      | Killed a two-headed ogre
 13489 | D:9      | Reached skill level 5 in Armour
 13596 | D:9      | Reached *** piety under Hepliaklqana
 13909 | D:9      | Found a radiant altar of Vehumet.
 13913 | D:9      | Noticed a two-headed ogre
 13918 | D:9      | Killed a two-headed ogre
 14283 | D:9      | Found a hide-covered altar of Uskayaw.
 14371 | D:10     | Entered Level 10 of the Dungeon
 14563 | D:10     | Noticed a boulder beetle
 14575 | D:10     | Killed a boulder beetle
 14576 | D:10     | Reached XP level 12. HP: 60/65 MP: 9/23
 14670 | D:10     | Identified the +0 scale mail of Agutzuv {Dex+5}
 14990 | D:10     | Noticed a two-headed ogre
 15002 | D:10     | Killed a two-headed ogre
 15268 | D:10     | Noticed a two-headed ogre
 15274 | D:10     | Killed a two-headed ogre
 15338 | D:10     | Found a bloodstained altar of Trog.
 15531 | D:10     | Found a basalt altar of Yredelemnul.
 16636 | D:11     | Found a staircase to the Lair.
 17269 | D:11     | Reached **** piety under Hepliaklqana
 17281 | D:11     | Found Adeatoi's Magic Scroll Boutique.
 17377 | D:11     | Reached skill level 11 in Earth Magic
 17728 | D:11     | Found a staircase to the Orcish Mines.
 17934 | D:12     | Noticed Jorgrun
 17954 | D:12     | Killed Jorgrun
 17955 | D:12     | Reached skill level 10 in Conjurations
 18218 | D:12     | Reached XP level 13. HP: 72/72 MP: 15/25
 18220 | D:12     | Noticed Psyche
 18227 | D:12     | Killed Psyche
 19202 | D:12     | Learned a level 4 spell: Fulminant Prism
 19525 | D:13     | Found a gate to the Vaults.
 20287 | D:13     | Reached skill level 10 in Fighting
 20558 | D:13     | Reached skill level 12 in Earth Magic
 21066 | Lair:1   | Entered Level 1 of the Lair of Beasts
 21409 | Lair:1   | Noticed Sonja
 21414 | Lair:1   | Killed Sonja
 21567 | Lair:1   | Identified the +6 mace of the Hidden Realms {vorpal, rF+
                  | Str-3 Int+3}
 21842 | Lair:1   | Found a runed translucent door.
 21842 | Lair:1   | Found a shimmering altar of Xom.
 21842 | Lair:1   | Noticed growler's ghost (journeyman DrTm)
 21863 | Lair:1   | Killed growler's ghost
 22125 | Lair:2   | Found a staircase to the Swamp.
 22337 | Lair:2   | Found a dark tunnel.
 22342 | Volcano  | Entered a volcano
 22360 | Volcano  | Reached ***** piety under Hepliaklqana
 22751 | Lair:2   | Gained mutation: Your large and strong wings let you fly.
                  | [Gargoyle growth]
 22751 | Lair:2   | Reached XP level 14. HP: 79/79 MP: 2/27
 23549 | Lair:2   | Got Asmodeus's Almanac of the Called Inferno
 24652 | Lair:3   | Found a hole to the Spider Nest.
 24934 | Lair:4   | Noticed Nessos
 24953 | Lair:4   | Killed Nessos
 25036 | Lair:4   | Reached skill level 10 in Armour
 25043 | Lair:4   | Reached skill level 13 in Earth Magic
 25428 | Lair:4   | Got the Spellbook of Iniquitous Magic
 25465 | Lair:4   | Slain by a four-headed hydra

Illustrated notes

Levels and vault maps discovered:
D:1:      wander_arrival_chamber, layout_basic,
          shapermc_ecumenical_altar_pompeii
D:2:      layout_loops_ring, uniq_terence
D:3:      layout_basic, nemelex_xobeh_ov_fountains_minmay
D:4:      layout_basic, okawaru_ov_weapons_minmay,
          minmay_temple_entry_glassed_door, chequers_serial_rivers_micro_a
D:5:      layout_loops_ring, gup_sewer_entry_pipe, nicolae_stop_n_shop_1
D:6:      minmay_bubble_buster, layout_basic, lemuel_doored_altar
D:7:      minmay_slanted_spiral_squares, layout_loops_ring, minitemple,
          lightli_ossuary_entry_decrepit_ruins, minmay_joined_circles,
          uniq_joseph
D:8:      layout_loops_ring, serial_aquarium, aquarium_bridge_long_separate
          [aquarium_subvault_wall, aquarium_subvault_bridge,
          aquarium_subvault_bridge, aquarium_subvault_window,
          aquarium_subvault_balcony, aquarium_subvault_bridge],
          aquarium_bridge_straight [aquarium_subvault_bridge,
          aquarium_subvault_window, aquarium_subvault_bridge,
          aquarium_subvault_wall], aquarium_window_corridor_3,
          aquarium_window_2, aquarium_view_2e, aquarium_balcony_3a,
          aquarium_pool_corner, minmay_misc_feat_hallway, water_boxes_lemuel
D:9:      layout_irregular_city, nicolae_uskayaw_suspiria, vehumet_statue,
          minivault_19, minivault_4
D:10:     layout_roguey, lemuel_mausoleum_altar_yredelemnul, marbit_many_paths,
          hangedman_misty_isle
D:11:     layout_roguey, dpeg_oklobed_lair, erik_orc_2, serial_shops, shop
D:12:     layout_basic, serial_rivers, chequers_serial_rivers_small_3,
          chequers_serial_rivers_large_a, chequers_serial_rivers_room_a,
          chequers_serial_rivers_micro_b, uniq_jorgrun, uniq_psyche
D:13:     layout_basic, david_vaults_2, minmay_misc_feat_cross
D:14:     layout_roguey, corexii_corridor_pit
Temple:   minmay_temple_bridge_abc
Lair:1:   layout_gridlike, ebering_ghost_xom, dreamdust_mushroom_princess,
          uniq_sonja
Lair:2:   layout_misc_corridors, minmay_swamp_entry_swarm, enter_volcano_4,
          nicolae_lair_liquid_snakes
Lair:3:   layout_misc_corridors, spider_nest_entry_rubble, dreamdust_wasp_nest,
          serial_bayou_shore_a
Lair:4:   layout_layer_cave, uniq_nessos

Skill      XL: |  1  2  3  4  5  6  7  8  9 10 11 12 13 14 |
---------------+-------------------------------------------+-----
Earth Magic    | 4 5 6 8 9 10 11 12 13 | 13.0
Fighting       | 1 2 3 5 6 7 8 9 10 11 | 11.1
Short Blades   | 1 2 3 4 5 |  5.1
Conjurations   | 2 3 4 5 7 8 9 10 11 | 11.7
Spellcasting   | 3 4 5 6 7 8 9 |  9.9
Polearms       | 4 5 6 8 |  8.6
Armour         | 6 8 9 10 | 10.0
Staves         | |  0.7
Dodging        | |  1.6
Stealth        | |  2.2
Transmutations | |  0.8

Action                   |  1- 3 |  4- 6 |  7- 9 | 10-12 | 13-15 || total
-------------------------+-------+-------+-------+-------+-------++-------
Melee: Unarmed           |    10 |       |       |       |       ||    10
       Staff             |    10 |       |       |       |       ||    10
       Dagger            |    11 |    41 |    42 |       |       ||    94
       Punch             |       |     1 |     1 |     7 |     5 ||    14
       Short sword       |       |       |   108 |       |       ||   108
       Spear             |       |       |     8 |   381 |   270 ||   659
       Headbutt          |       |       |       |    51 |    62 ||   113
 Cast: Sandblast         |    41 |    81 |    26 |       |       ||   148
       Stone Arrow       |       |       |    51 |   214 |   193 ||   458
Invok: Ancestor Identity |       |       |     1 |       |       ||     1
       Recall Ancestor   |       |       |       |     1 |     1 ||     2
       Ancestor Life: Kn |       |       |       |     1 |       ||     1
  Use: Potion            |     1 |     8 |     1 |     2 |     5 ||    17
       Scroll            |     1 |     1 |     5 |     5 |     6 ||    18
 Stab: Distracted        |       |       |       |     3 |     3 ||     6
       Sleeping          |       |       |       |     1 |     1 ||     2
Armor: Robe              |    15 |     1 |       |       |       ||    16
       Scale mail        |       |    47 |   103 |   229 |   255 ||   634
Dodge: Dodged            |    41 |    44 |    86 |   177 |   167 ||   515
Block: Other             |       |       |    33 |    96 |    88 ||   217
       Reflection        |       |       |       |     7 |    16 ||    23
